 Dungeon Crawl Stone Soup version 0.19.0-23-gf02e663 (console) character file.

663 Morrissey the Chopper (level 7, -2/64 HPs)
             Began as a Deep Dwarf Berserker on Nov 19, 2016.
             Was a Priest of Trog.
             Shot with an arrow by a centaur (7 damage)
             ... on level 6 of the Dungeon.
             The game lasted 00:06:56 (3495 turns).

Morrissey the Chopper (Deep Dwarf Berserker)        Turns: 3495, Time: 00:06:56

Health: -2/64      AC:  9    Str: 23    XL:     7   Next: 31%
Magic:  9/9        EV: 12    Int:  7    God:    Trog [***...]
Gold:   296        SH:  3    Dex: 12    Spells: 0 memorised, 6 levels left

rFire  . . .     SeeInvis .     a - +0 war axe
rCold  + . .     Gourm    .     H - +0 ring mail (curse)
rNeg   + . .     Faith    .     (no shield)
rPois  .         Spirit   .     (no helmet)
rElec  .         Reflect  +     b - +0 cloak
rCorr  .         Harm     .     (no gloves)
MR     +....                    i - +1 pair of boots
Stlth  +.........               y - +3 amulet of reflection
                                G - ring of positive energy
                                D - ring of protection from cold

@: non-regenerating
A: damage resistance, recharge devices, sense surroundings 1, slow regeneration
3
a: Device Recharging, Berserk, Trog's Hand, Burn Spellbooks, Renounce Religion


You were on level 6 of the Dungeon.
You worshipped Trog.
Trog was most pleased with you.
You were very hungry.

You visited 1 branch of the dungeon, and saw 6 of its levels.

You collected 296 gold pieces.

Inventory:

Hand Weapons
 a - a +0 war axe (weapon)
Armour
 b - a +0 cloak (worn)
 i - a +1 pair of boots (worn)
 H - a cursed +0 ring mail (worn)
Jewellery
 y - a +3 amulet of reflection (around neck)
 D - a ring of protection from cold (left hand)
 G - a ring of positive energy (right hand)
Wands
 c - a wand of heal wounds (4/9)
 u - a wand of lightning (11/15)
 v - a wand of polymorph (13/24)
Scrolls
 h - 3 scrolls of enchant armour {unknown}
 j - 4 scrolls of identify
 n - 3 scrolls of remove curse
 q - a scroll of teleportation {unknown}
 s - a scroll of recharging {unknown}
 t - a scroll of blinking {unknown}
 B - a scroll of magic mapping {unknown}
 C - a scroll of enchant weapon {unknown}
Potions
 e - a potion of curing {unknown}
 f - a potion of heal wounds {unknown}
 k - 3 potions of might {unknown}
 m - a potion of cure mutation {unknown}
 o - a potion of lignification {unknown}
 p - a potion of magic {unknown}
 r - 4 potions of flight {unknown}
 w - a potion of degeneration {unknown}
 x - a potion of mutation {unknown}
 A - a potion of berserk rage {unknown}
Comestibles
 d - 4 bread rations
 g - a royal jelly
 l - 2 meat rations
 z - a beef jerky
 E - a slice of pizza


   Skills:
 + Level 4.0 Fighting
 * Level 6.0 Axes
 + Level 4.3 Armour
 + Level 3.8 Dodging
 + Level 3.9 Evocations


You had 6 spell levels left.
You didn't know any spells.

Dungeon Overview and Level Annotations

Branches:
Dungeon (6/15)
 Temple: D:4-7

Altars:
Trog
Zin


Innate Abilities, Weirdness & Mutations

You are resistant to damage.
You can recharge devices by infusing magical energy.
You passively map a small area around you.
You do not regenerate.


Message History

Found a stone staircase leading down.
There is a stone staircase leading up here.
There are monsters nearby!
A centaur comes into view.
The centaur shouts!
The centaur wields a shortbow.
The centaur shoots an arrow.
The arrow hits you but does no damage.
Found 13 gold pieces.
An adder comes into view.
You see here an arrow.
The centaur wields a shortbow.
The centaur shoots an arrow.
The arrow hits you!
* * * LOW HITPOINT WARNING * * *
Something hits the bush but does no damage.
Something bites the bush but does no damage.
An orc comes into view. It is wielding a short sword.
There is a stone staircase leading up here.
You see here an arrow.
The orc shouts!
The centaur shoots an arrow.
The arrow hits you!
You die...

, , ,
o...........#,
, *
.(..........###
#...........c.
#..F....$.... ,
,
,*..........#,,
** #.$.....#,
,. , *
**#.....#...S,
* #.@(.....PP *
##.....>.Pc , ,
.......#.PP
#.###......PP,
, , ,# *
##......P , , *
, ##..... , ,
,* *#..#$ * * *
#.. , * *


You could see a bullfrog, a centaur and an orc.

Vanquished Creatures
  A sky beast (D:4)
  An ice beast (D:5)
  A centaur (D:5)
  A scorpion (D:5)
  A crimson imp (D:5)
  An orc priest (D:5)
  A bullfrog skeleton (D:5)
  2 orc wizards
  A worker ant (D:5)
  6 adders
  A shadow imp (D:5)
  2 oozes (D:1)
  2 adder skeletons
  4 worms
  A dart slug (D:3)
  3 leopard geckos
  6 orcs
  4 giant cockroaches
  8 goblins
  5 hobgoblins
  12 kobolds
  4 quokkas
  6 ball pythons
  9 bats
  8 frilled lizards
  A jackal skeleton (D:4)
  3 leopard gecko skeletons
  3 rats
98 creatures vanquished.

Notes
Turn   | Place    | Note
-------+----------+-------------------------------------------
     0 | D:1      | Morrissey the Deep Dwarf Berserker began the quest for the Orb.
     0 | D:1      | Reached XP level 1. HP: 20/20 MP: 1/1
    69 | D:1      | Reached XP level 2. HP: 22/27 MP: 2/2
   248 | D:1      | Reached skill level 1 in Evocations
   538 | D:1      | Reached ** piety under Trog
   542 | D:1      | Reached XP level 3. HP: 25/33 MP: 3/3
   720 | D:2      | Reached skill level 4 in Axes
   941 | D:2      | Found a glowing silver altar of Zin.
  1186 | D:2      | Reached XP level 4. HP: 23/42 MP: 5/5
  1331 | D:3      | Found a faded altar of an unknown god.
  1701 | D:3      | You fall through a shaft!
  2012 | D:4      | Reached XP level 5. HP: 49/49 MP: 6/6
  2354 | D:4      | Noticed a sky beast
  2368 | D:4      | Killed a sky beast
  2368 | D:4      | Reached skill level 5 in Axes
  2586 | D:5      | Entered Level 5 of the Dungeon
  2592 | D:5      | Reached XP level 6. HP: 39/56 MP: 8/8
  2794 | D:5      | Reached *** piety under Trog
  3099 | D:5      | Reached XP level 7. HP: 22/63 MP: 9/9
  3185 | D:5      | Reached skill level 6 in Axes
  3320 | D:5      | Found a bloodstained altar of Trog.
  3495 | D:6      | Shot with an arrow by a centaur

Skill      XL: |  1  2  3  4  5  6  7 |
---------------+----------------------+-----
Evocations     | 1 2 3 |  3.9
Fighting       | 3 4 |  4.0
Axes           | 4 5 6 |  6.0
Armour         | 3 4 |  4.3
Dodging        | 3 |  3.8

Action                   |  1- 3 |  4- 6 |  7- 9 || total
-------------------------+-------+-------+-------++-------
Melee: Hand axe          |   110 |   162 |       ||   272
       War axe           |       |    11 |    24 ||    35
Invok: Berserk           |       |     3 |     1 ||     4
       Trog's Hand       |       |     2 |       ||     2
Evoke: Wand              |       |     1 |       ||     1
  Use: Scroll            |     2 |       |       ||     2
 Stab: Sleeping          |     3 |     2 |       ||     5
  Eat: Chunk             |     1 |    10 |     1 ||    12
Armor: Animal skin       |    21 |    33 |       ||    54
       Ring mail         |       |    18 |    14 ||    32
Dodge: Dodged            |    76 |    84 |    30 ||   190
Block: Other             |       |    14 |     7 ||    21
       Reflection        |       |     1 |     3 ||     4
